 Dungeon Crawl Stone Soup version 0.18.1-6-gd335043 (webtiles) character file.

848 Goblin1989 the Basher (level 8, 0/44 HPs)
             Began as a Gargoyle Gladiator on May 16, 2016.
             Was an Initiate of Gozag.
             Slain by a giant frog (3 damage)
             ... on level 6 of the Dungeon.
             The game lasted 00:12:06 (4907 turns).

Goblin1989 the Basher (Gargoyle Gladiator)          Turns: 4907, Time: 00:12:07

Health: 0/44       AC: 16    Str: 25    XL:     8   Next: 1%
Magic:  8/8        EV: 11    Int:  9    God:    Gozag
Gold:   623        SH:  2    Dex: 10    Spells: 0 memorised, 7 levels left

rFire  . . .     SeeInvis .     v - +1 hunting sling of Gallantry {flame, +Fly MR- Str+4} (curse)
rCold  . . .     Gourm    .     i - +0 ring mail
rNeg   + . .     Faith    .     (no shield)
rPois  ∞         Spirit   .     f - +2 helmet
rElec  +         Dismiss  .     r - +2 cloak {+Inv}
rCorr  .         Reflect  +     (no gloves)
SustAt .         Harm     .     (no boots)
MR     .....                    m - +2 amulet of reflection
Stlth  ..........               (no ring)
                                l - ring of flight {+Fly, !d}

@: gold aura, not resistant to hostile enchantments, extremely unstealthy
A: negative energy resistance 1, electricity resistance, unbreathing,
petrification resistance, rot immunity, AC +5
a: Potion Petition, Call Merchant, Bribe Branch, Renounce Religion, Evoke
Invisibility, Evoke Flight


You were on level 6 of the Dungeon.
You worshipped Gozag.
Gozag was noncommittal.
You were completely stuffed.

You visited 2 branches of the dungeon, and saw 7 of its levels.
You also visited: Ossuary.

You collected 690 gold pieces.
You paid 67 gold pieces to Gozag.

Inventory:

Hand Weapons
 a - a +1 flail
 v - the cursed +1 hunting sling of Gallantry (weapon) {flame, +Fly MR- Str+4}
   (You found it on level 5 of the Dungeon)

   It causes projectiles fired from it to burn those they strike, causing extra
   injury to most foes and up to half again as much damage against particularly
   susceptible opponents.
   It affects your strength (+4).
   It affects your resistance to hostile enchantments.
   It lets you fly.
   It has a curse placed upon it.
Missiles
 b - 26 sling bullets (quivered)
 d - 4 throwing nets {=f, !d}
Armour
 f - a +2 helmet (worn)
 i - a +0 ring mail (worn)
 r - a +2 cloak of invisibility (worn)
Jewellery
 l - a ring of flight (left hand) {+Fly, !d}
 m - a +2 amulet of reflection (around neck)
Wands
 w - a wand of digging (12/24)
Scrolls
 e - a scroll of enchant weapon
 g - 12 scrolls of identify
 h - a scroll of blinking {!r}
 n - 2 scrolls of enchant armour
 o - 2 scrolls of magic mapping {!r}
 s - a scroll of teleportation
Potions
 j - a potion of heal wounds
 k - 5 potions of curing
 p - a potion of degeneration {unknown}
 q - a potion of haste {unknown}
 u - 2 potions of might


   Skills:
 - Level 2.1 Fighting
 * Level 9.3 Maces & Flails
 - Level 1.7 Throwing
 - Level 2.4 Dodging


You had 7 spell levels left.
You didn't know any spells.

Dungeon Overview and Level Annotations

Branches:
Dungeon (6/15)             Temple (1/1) D:4

Altars:
Ashenzari
Dithmenos
Fedhas
Gozag
Makhleb
Nemelex Xobeh
Okawaru
Qazlal
Sif Muna
Trog
Yredelemnul
Zin
The Shining One

Annotations:
D:4 st0uf's ghost, amateur DrFi


Innate Abilities, Weirdness & Mutations

You are resistant to torment.
Your stone body is resilient (AC +5).
You are immune to poison.
You resist negative energy.
You are resistant to electric shocks.
You can survive without breathing.
You are immune to petrification.
You are immune to rotting.


Message History

The sling bullet barely misses the giant frog.
The sling bullet completely misses the orc priest.
The sling bullet hits the hobgoblin.
The sling bullet burns the hobgoblin.
The giant frog misses you. The giant frog barely misses you.
Aim: an iguana You shoot a sling bullet.
The sling bullet closely misses the giant frog.
The sling bullet closely misses the orc priest.
The sling bullet closely misses the hobgoblin.
The sling bullet closely misses the iguana.
The giant frog hits you but does no damage.
The orc priest mumbles some strange prayers to Beogh against you.
Beogh smites you!
You take 13 damage, and have 3/44 hp.
MASSIVE DAMAGE!!
Aim: an iguana You shoot a sling bullet.
The sling bullet hits the giant frog.
The sling bullet burns the giant frog.
The giant frog barely misses you. The giant frog hits you.
You die...
Your body crumbles into a pile of gold.

#..##.##.###
##.#..##.#
#.#.###.#
####...# #.#
#.....## #.#
#.##.## #.# #
#.## #.### (
#..# #.$.# ..
##.# ###@# (#
#.# #F# $. #.#
#o#####(# #<#
#g#.5(..# #.#
#l.§o## #.#
####a..§#
#.####....##.#
##.#....#####.##
##....##.# #..#


You could see a giant frog, an iguana, a worker ant, an orc priest and a
hobgoblin.

Vanquished Creatures
  A phantom (D:5)
  The ghost of st0uf the Skirmisher, an amateur DrFi of Makhleb (D:3)
  A centaur (D:6)
  An elf zombie (Ossuary)
  A giant frog (D:6)
  A howler monkey (D:6)
  A centaur zombie (Ossuary)
  3 human zombies (Ossuary)
  An orc priest (D:4)
  2 orc wizards (D:6)
  A worker ant (D:5)
  A big kobold zombie (Ossuary)
  2 mummies (Ossuary)
  5 adders
  A shadow imp (D:6)
  2 adder zombies
  A worm (D:6)
  3 dart slugs
  16 orcs
  2 ball pythons
  2 giant cockroaches
  5 hobgoblins
  6 kobolds
  7 bats
  4 giant newts
  6 goblins
  A goblin zombie (Ossuary)
  8 hobgoblin zombies (Ossuary)
  A jackal zombie (Ossuary)
  11 kobold zombies (Ossuary)
  8 orc zombies (Ossuary)
  8 rats
  A rat zombie (Ossuary)
115 creatures vanquished.

Notes
Turn   | Place    | Note
--------------------------------------------------------------
     0 | D:1      | Goblin1989 the Gargoyle Gladiator began the quest for the Orb.
     0 | D:1      | Reached XP level 1. HP: 12/12 MP: 1/1
    61 | D:1      | Reached XP level 2. HP: 9/17 MP: 2/2
   387 | D:1      | Reached skill level 4 in Maces & Flails
   628 | D:1      | Reached XP level 3. HP: 15/21 MP: 3/3
  1062 | D:3      | Noticed st0uf's ghost (amateur DrFi)
  1096 | D:2      | Reached XP level 4. HP: 11/26 MP: 4/4
  1352 | D:3      | Reached skill level 5 in Maces & Flails
  1873 | D:3      | Found a basalt altar of Yredelemnul.
  1913 | D:4      | Noticed st0uf's ghost (amateur DrFi)
  2017 | D:4      | Found a staircase to the Ecumenical Temple.
  2025 | Temple   | Entered the Ecumenical Temple
  2107 | Temple   | Became a worshipper of Gozag Ym Sagoz the Greedy
  2145 | D:4      | Reached XP level 5. HP: 20/30 MP: 5/5
  2478 | D:5      | Entered Level 5 of the Dungeon
  2495 | D:5      | Found a sand-covered staircase.
  2502 | Ossuary  | Entered an ossuary
  2887 | Ossuary  | Reached skill level 6 in Maces & Flails
  2912 | Ossuary  | Reached XP level 6. HP: 35/35 MP: 6/6
  2982 | Ossuary  | Reached skill level 7 in Maces & Flails
  3037 | D:5      | Noticed a phantom
  3083 | D:5      | Killed a phantom
  3083 | D:5      | Reached XP level 7. HP: 18/40 MP: 7/7
  3405 | D:5      | Got a dazzling hunting sling
  3412 | D:5      | Identified the cursed +1 hunting sling of Gallantry {flame, +Fly MR- Str+4} (You found it on level 5 of the Dungeon)
  3588 | D:3      | Killed st0uf's ghost
  3588 | D:3      | Reached skill level 8 in Maces & Flails
  4891 | D:6      | Reached skill level 9 in Maces & Flails
  4904 | D:6      | Reached XP level 8. HP: 15/44 MP: 8/8
  4907 | D:6      | Slain by a giant frog

Skill      XL: |  1  2  3  4  5  6  7 |
---------------+----------------------+-----
Maces & Flails | 4 5 6 7 9 |  9.3
Fighting       | |  2.1
Throwing       | |  1.7
Dodging        | |  2.4

Action                   |  1- 3 |  4- 6 |  7- 9 || total
-------------------------+-------+-------+-------++-------
Melee: Flail             |   115 |   271 |     5 ||   391
 Fire: Hunting sling     |       |       |    95 ||    95
  Use: Scroll            |       |     5 |     5 ||    10
       Potion            |       |     4 |       ||     4
 Stab: Distracted        |       |     1 |       ||     1
  Eat: Meat ration       |       |     2 |       ||     2
       Bread ration      |       |       |     2 ||     2
       Fruit             |       |       |     1 ||     1
       Beef jerky        |       |       |     1 ||     1
Armor: Leather armour    |    16 |       |       ||    16
       Ring mail         |    37 |   130 |    28 ||   195
Dodge: Dodged            |    93 |   144 |    33 ||   270
Block: Other             |       |       |     3 ||     3
